 Dungeon Crawl Stone Soup version 0.27-a0-998-g4cfe56dd59 (webtiles) character file.

Game seed: 12064820323013754673

17 robertstho the Magician (level 2, -1/21 HPs)
             Began as a Djinni Ice Elementalist on Apr 16, 2021.
             Frozen to death by an endoplasm (7 damage)
             ... on level 1 of the Dungeon.
             The game lasted 00:01:18 (1435 turns).

robertstho the Magician (Djinni Ice Elementalist)   Turns: 1435, Time: 00:01:18

Health: -1/21      AC:  2    Str:  7    XL:     2   Next: 62%
Gold:   31         EV: 12    Int: 16    God:
                   SH:  0    Dex: 13

rFire    + + .     SeeInvis .   i - +3 dagger
rCold    x . .     Faith    .   (no shield)
rNeg     . . .     Spirit   .   a - +0 robe
rPois    ∞         Reflect  .   (no helmet)
rElec    .         Harm     .   (no cloak)
rCorr    .         Rampage  .   (no gloves)
Will     .....                  (boots unavailable)
Stlth    ++........             (no amulet)
HPRegen  0.07/turn              (no ring)
MPRegen  0.00/turn              (no ring)

@: flying
A: fire resistance 2, cold vulnerability 1, float, innate caster, hp casting,
extra vitality 1
a: no special abilities


You were on level 1 of the Dungeon.
You visited 1 branch of the dungeon, and saw 1 of its levels.

You collected 31 gold pieces.

Inventory:

Hand Weapons
 b - a +0 short sword
 i - a +3 dagger (weapon)
Armour
 a - a +0 robe (worn)
Scrolls
 e - a scroll of enchant weapon {unknown}
 g - a scroll of teleportation {unknown}
 h - a scroll of magic mapping {unknown}
Potions
 c - a potion of degeneration {unknown}
 d - a potion of resistance {unknown}
 f - a potion of berserk rage {unknown}
 j - a potion of heal wounds {unknown}


   Skills:
 + Level 2.1 Dodging
 + Level 1.6 Stealth
 + Level 4.1 Spellcasting


You couldn't memorise any spells.
You knew the following spells:

 Your Spells              Type           Power      Damage    Failure   Level
a - Freeze                Ice            64%        1d8       3%          1
b - Frozen Ramparts       Ice            32%        1d5       9%          3
c - Ozocubu's Armour      Ice            16%        N/A       9%          3
d - Hailstorm             Conj/Ice       16%        3d6       30%         4
e - Metabolic Englaciati  Hex/Ice        8%         N/A       63%         5
Your spell library was empty.

Dungeon Overview and Level Annotations

Branches:
Dungeon (1/15)

Altars:


Innate Abilities, Weirdness & Mutations

You are immune to poison.
Your flesh is very heat resistant. (rF++)
You are vulnerable to cold. (rC-)
You float through the air rather than walking.
You learn spells naturally, not from books.
Your magical power is your life essence.
You have superior vitality. (+4 HP)


Message History

An endoplasm is nearby!
A giant cockroach and a hobgoblin come into view.
The hobgoblin shouts!
The endoplasm quivers.
Found a stone staircase leading down.
A dart slug comes into view.
You hit the giant cockroach.
The giant cockroach is heavily wounded.
The giant cockroach bites you but does no damage.
You hit the giant cockroach but do no damage.
The giant cockroach is heavily wounded.
The giant cockroach bites you but does no damage.
The endoplasm freezes you.
You are frozen!
You feel a terrible chill!
You barely miss the giant cockroach.
The giant cockroach is heavily wounded.
The giant cockroach bites you. The hobgoblin closely misses you.
The endoplasm hits you. The giant cockroach closely misses you.
Casting: Freeze (safe; 3% risk of failure)
Confirm with . or Enter, or press ? or * to list all spells.
Aiming: Freeze (safe; 3% risk of failure)
Press: ? - help, Shift-Dir - straight line, f - giant cockroach
Aim: a giant cockroach (heavily wounded)
You freeze the giant cockroach.
You kill the giant cockroach!
The hobgoblin closely misses you. The endoplasm freezes you.
You are frozen.
You feel a terrible chill!
Casting: Freeze (safe; 3% risk of failure)
Confirm with . or Enter, or press ? or * to list all spells.
Aiming: Freeze (safe; 3% risk of failure)
Press: ? - help, Shift-Dir - straight line, f - endoplasm
Aim: an endoplasm You freeze the endoplasm.
The endoplasm is heavily wounded.
* * * LOW HITPOINT WARNING * * *
The hobgoblin closely misses you. The endoplasm freezes you.
You are frozen!
You feel a terrible chill!
You die...

####.......#####..#.#.#.#.#
. ##..P..######..###.#.#.#
. ##...##......†....#.#.# .
##.###.####.##...#.#.# .
#.# #.......#..##.#.##### #
#.# #######.#....##.....# #
#.#########.##.#......... #
#.....^..##....#####.# #
#....@...+...#.# #.# #
......gJ...###.#.#####.# #
###........# #.#.......#
#........# #.#########
#....w...# #.# #........#
#.# #........# #.#
#>.......# #.# #.#


You could see a dart slug, an endoplasm and a hobgoblin.

Vanquished Creatures
  A dart slug (D:1)
  3 bats (D:1)
  2 endoplasms (D:1)
  A giant cockroach (D:1)
  A hobgoblin (D:1)
  A kobold (D:1)
  A quokka (D:1)
  A frilled lizard (D:1)
  A goblin (D:1)
  A rat (D:1)
13 creatures vanquished.

Notes
Turn   | Place    | Note
-------+----------+-------------------------------------------
     0 | D:1      | robertstho the Djinni Ice Elementalist began the quest for
                  | the Orb.
     0 | D:1      | Reached XP level 1. HP: 15/15 MP: 0/0
   725 | D:1      | Reached XP level 2. HP: 17/21 MP: 0/0
   817 | D:1      | Reached skill level 4 in Spellcasting
  1435 | D:1      | Frozen to death by an endoplasm

Illustrated notes

Levels and vault maps discovered:
D:1:      evilmike_arrival_plus, layout_basic

Skill      XL: |  1  2 |
---------------+-------+-----
Spellcasting   | 4 |  4.1
Dodging        | |  2.1
Stealth        | |  1.6

Action                   || total
-------------------------++-------
Melee: Short sword       ||    15
       Dagger            ||     3
 Cast: Freeze            ||    21
Armor: Robe              ||    15
Dodge: Dodged            ||    27

Table legend: (Time is in decaauts)
 A = Elapsed time spent in this place.
 B = Non-inter-level travel time spent in this place.
 C = Inter-level travel time spent in this place.
 D = Time resting spent in this place.
 E = Time spent auto-exploring this place.
 F = Levels seen in this place.
 G = Mean time per level.
                   A        B        C        D        E       F      G
               +--------+--------+--------+--------+--------+-----+--------+
         Total |   1435 |   1435 |      0 |    275 |   1041 |   1 | 1435.0 |
       Dungeon |   1435 |   1435 |      0 |    275 |   1041 |   1 | 1435.0 |
               +--------+--------+--------+--------+--------+-----+--------+

Top non-repeatable levels by time:
     D:1: 1435 daAuts
